| TOP OF THE 1ST |
|
Clearwater Threshers batting - Pitching for Rancho Cucamonga Quakes : RHP Ludo Argo
|
|
Pitching: RHP Ludo Argo
|
|
|
Batting: LHB Jose Torres
|
0-0: Swinging Strike 0-1: Foul Ball, location: 2F 0-2: Ball 1-2: Ball 2-2: Fly out, F7 (Flyball, 78S, EV 90.0 MPH)
|
|
Batting: RHB Juan Aleman
|
0-0: Ball 1-0: Ball 2-0: Ball 3-0: Base on Balls
|
|
Batting: SHB Joe Lightell
|
0-0: Ball 1-0: Called Strike 1-1: Ball 2-1: Ball Balk! Juan Aleman to second 3-1: Base on Balls
|
|
Batting: SHB Isaiah Dixon
|
0-0: Called Strike 0-1: Foul Ball, location: 2F 0-2: Ball 1-2: SINGLE (Line Drive, 89S, EV 105.6 MPH) Juan Aleman to third Joe Lightell to second Runner from 3rd tries for Home, throw by RF and OUT! 9-2
|
|
Batting: RHB Bobby Rolison
|
0-0: Ball 1-0: Foul Ball, location: 2F 1-1: Ball 2-1: Fly out, F8 (Flyball, 8RS, EV 90.6 MPH)
|
| Top of the 1st over - 0 runs, 1 hit, 0 errors, 2 left on base; Clearwater 0 - Rancho Cucamonga 0 |
| BOTTOM OF THE 1ST |
|
Rancho Cucamonga Quakes batting - Pitching for Clearwater Threshers : LHP Hugo Castillo
|
|
Pitching: LHP Hugo Castillo
|
|
|
Batting: RHB Omar Resendez
|
0-0: Foul Ball, location: 2F 0-1: Ball 1-1: Ball 2-1: Ball 3-1: Swinging Strike 3-2: Ground out 4-3 (Groundball, 4MS, EV 85.6 MPH)
|
|
Batting: RHB Mario Mejia
|
0-0: Ball 1-0: Swinging Strike 1-1: Ball 2-1: Called Strike 2-2: Strikes out looking
|
|
Batting: RHB Christopher Gallino
|
0-0: Called Strike 0-1: Ground out 4-3 (Groundball, 4MD, EV 98.1 MPH)
|
| Bottom of the 1st over - 0 runs, 0 hits, 0 errors, 0 left on base; Clearwater 0 - Rancho Cucamonga 0 |
| TOP OF THE 2ND |
|
Clearwater Threshers batting - Pitching for Rancho Cucamonga Quakes : RHP Ludo Argo
|
|
Batting: LHB Fernando Hernandez
|
0-0: Foul Ball, location: 2F 0-1: Called Strike 0-2: Ball 1-2: Ball 2-2: Foul Ball, location: 2F 2-2: Ball 3-2: Ground out 6-3 (Groundball, 6M, EV 88.8 MPH)
|
|
Batting: LHB Alexis Burgos
|
0-0: Ball 1-0: Swinging Strike 1-1: SINGLE (Groundball, 4MD, EV 101.3 MPH) (infield hit)
|
|
Pitching: RHP Julio Romero
|
|
|
Batting: LHB Ignacio Bernal
|
0-0: Ball 1-0: DOUBLE (Line Drive, 7LM, EV 108.8 MPH) Alexis Burgos to third
|
|
Batting: LHB Hugo Castillo
|
0-0: Called Strike 0-1: SINGLE (Groundball, 4, EV 108.1 MPH) Alexis Burgos scores Ignacio Bernal to third
|
|
Batting: LHB Jose Torres
|
0-0: Fly out, F4 (Flyball, 4D, EV 81.9 MPH)
|
|
Batting: RHB Juan Aleman
|
0-0: Ball 1-0: Foul Ball, location: 2F 1-1: SINGLE (Flyball, 4D, EV 89.4 MPH) Ignacio Bernal scores Hugo Castillo to second
|
|
Batting: SHB Joe Lightell
|
0-0: Ball 1-0: Ball 2-0: Called Strike 2-1: Ball 3-1: Ground out U3 (Groundball, 3, EV 85.0 MPH)
|
| Top of the 2nd over - 2 runs, 4 hits, 0 errors, 2 left on base; Clearwater 2 - Rancho Cucamonga 0 |
| BOTTOM OF THE 2ND |
|
Rancho Cucamonga Quakes batting - Pitching for Clearwater Threshers : LHP Hugo Castillo
|
|
Batting: RHB Marty Roldan
|
0-0: Ball 1-0: Called Strike 1-1: Fly out, F4 (Flyball, 4D, EV 88.1 MPH)
|
|
Batting: LHB Tim Dakin
|
0-0: Foul Ball, location: 2F 0-1: Ball 1-1: Ball 2-1: Foul Ball, location: 2F 2-2: Foul Ball, location: 2F 2-2: Ball 3-2: Ground out 6-3 (Groundball, 6M, EV 84.4 MPH)
|
|
Batting: LHB William Cano
|
0-0: Ball 1-0: Foul Ball, location: 2F 1-1: DOUBLE (Line Drive, 9LM, EV 99.4 MPH)
|
|
Batting: RHB Ian Enge
|
0-0: Ball 1-0: Ball 2-0: Fly out, F7 (Flyball, 7LS, EV 85.6 MPH)
|
| Bottom of the 2nd over - 0 runs, 1 hit, 0 errors, 1 left on base; Clearwater 2 - Rancho Cucamonga 0 |
| TOP OF THE 3RD |
|
Clearwater Threshers batting - Pitching for Rancho Cucamonga Quakes : RHP Julio Romero
|
|
Batting: SHB Isaiah Dixon
|
0-0: Foul Ball, location: 2F 0-1: Ball 1-1: Ball 2-1: Swinging Strike 2-2: Ball 3-2: Fly out, F8 (Flyball, 8LM, EV 85.6 MPH)
|
|
Pitching: RHP Jay Foley
|
|
|
Batting: RHB Bobby Rolison
|
0-0: Called Strike 0-1: Called Strike 0-2: Ball 1-2: Ball 2-2: Fly out, F3 (Popup, 3SF, EV 79.4 MPH)
|
|
Batting: LHB Fernando Hernandez
|
0-0: Ball 1-0: Ball 2-0: Called Strike 2-1: Ball 3-1: Ground out U3 (Groundball, 3, EV 88.1 MPH)
|
| Top of the 3rd over - 0 runs, 0 hits, 0 errors, 0 left on base; Clearwater 2 - Rancho Cucamonga 0 |
| BOTTOM OF THE 3RD |
|
Rancho Cucamonga Quakes batting - Pitching for Clearwater Threshers : LHP Hugo Castillo
|
|
Batting: LHB Cesar Gutierrez
|
0-0: Foul Ball, location: 2F 0-1: Ball 1-1: Foul Ball, location: 2F 1-2: Strikes out swinging
|
|
Batting: RHB Jay Foley
|
0-0: Called Strike 0-1: Called Strike 0-2: Foul Ball, location: 2F 0-2: Strikes out swinging
|
|
Batting: RHB Omar Resendez
|
0-0: Ball 1-0: Foul Ball, location: 2F 1-1: Ball 2-1: TRIPLE (Flyball, 8LXD, EV 107.5 MPH)
|
|
Batting: RHB Mario Mejia
|
0-0: Called Strike 0-1: Ground out 3-1 (Groundball, 34, EV 88.8 MPH)
|
| Bottom of the 3rd over - 0 runs, 1 hit, 0 errors, 1 left on base; Clearwater 2 - Rancho Cucamonga 0 |
| TOP OF THE 4TH |
|
Clearwater Threshers batting - Pitching for Rancho Cucamonga Quakes : RHP Jay Foley
|
|
Batting: LHB Alexis Burgos
|
0-0: Ball 1-0: Called Strike 1-1: Called Strike 1-2: Ball 2-2: Strikes out swinging
|
|
Batting: LHB Ignacio Bernal
|
0-0: Ball 1-0: Foul Ball, location: 2F 1-1: Ball 2-1: Foul Ball, location: 2F 2-2: Ball 3-2: Foul Ball, location: 2F 3-2: Foul Ball, location: 2F 3-2: Foul Ball, location: 2F 3-2: Foul Ball, location: 2F 3-2: SINGLE (Line Drive, 34D, EV 102.5 MPH)
|
|
Batting: LHB Hugo Castillo
|
0-0: Ball 1-0: Bunt missed! 1-1: Ball 2-1: Bunted foul 2-2: Bunt - Flyout to 25! F5
|
|
Pitching: RHP Malcolm Johnson
|
|
|
Batting: LHB Jose Torres
|
0-0: Called Strike 0-1: Called Strike Ignacio Bernal steals 2nd base 0-2: Foul Ball, location: 2F 0-2: Ground out 1-3 (Groundball, 34S, EV 68.1 MPH)
|
| Top of the 4th over - 0 runs, 1 hit, 0 errors, 1 left on base; Clearwater 2 - Rancho Cucamonga 0 |
| BOTTOM OF THE 4TH |
|
Rancho Cucamonga Quakes batting - Pitching for Clearwater Threshers : LHP Hugo Castillo
|
|
Batting: RHB Christopher Gallino
|
0-0: Called Strike 0-1: DOUBLE (Line Drive, 78XD, EV 105.6 MPH)
|
|
Batting: RHB Marty Roldan
|
0-0: Called Strike 0-1: Foul Ball, location: 2F 0-2: Ground out 3-1 (Groundball, 34S, EV 81.3 MPH) Christopher Gallino to third
|
|
Batting: LHB Tim Dakin
|
0-0: Ball 1-0: Called Strike 1-1: Ball Steal of home, Christopher Gallino is out 2-1: Called Strike 2-2: Foul Ball, location: 2F 2-2: Ball 3-2: Strikes out swinging
|
| Bottom of the 4th over - 0 runs, 1 hit, 0 errors, 0 left on base; Clearwater 2 - Rancho Cucamonga 0 |
| TOP OF THE 5TH |
|
Clearwater Threshers batting - Pitching for Rancho Cucamonga Quakes : RHP Malcolm Johnson
|
|
Batting: RHB Juan Aleman
|
0-0: Ground out 4-3 (Groundball, 4M, EV 78.8 MPH)
|
|
Batting: SHB Joe Lightell
|
0-0: Ball 1-0: Ball 2-0: Ball 3-0: Base on Balls
|
|
Batting: SHB Isaiah Dixon
|
0-0: Ball 1-0: SINGLE (Line Drive, 78M, EV 93.1 MPH) Joe Lightell to second
|
|
Batting: RHB Bobby Rolison
|
0-0: Ball 1-0: Foul Ball, location: 2F 1-1: Called Strike 1-2: Strikes out swinging
|
|
Batting: LHB Fernando Hernandez
|
0-0: Called Strike 0-1: Ball 1-1: Foul Ball, location: 2F 1-2: Foul Ball, location: 2F 1-2: Ball 2-2: Ball 3-2: Foul Ball, location: 2F 3-2: Ground out U3 (Groundball, 34, EV 81.3 MPH)
|
| Top of the 5th over - 0 runs, 1 hit, 0 errors, 2 left on base; Clearwater 2 - Rancho Cucamonga 0 |
| BOTTOM OF THE 5TH |
|
Rancho Cucamonga Quakes batting - Pitching for Clearwater Threshers : LHP Hugo Castillo
|
|
Batting: LHB William Cano
|
0-0: Ground out U3 (Groundball, 3L, EV 86.3 MPH)
|
|
Batting: RHB Ian Enge
|
0-0: Ball 1-0: Ball 2-0: Ground out 4-3 (Groundball, 4, EV 103.1 MPH)
|
|
Batting: LHB Cesar Gutierrez
|
0-0: Called Strike 0-1: Ball 1-1: Ground out 4-3 (Groundball, 4, EV 108.1 MPH)
|
| Bottom of the 5th over - 0 runs, 0 hits, 0 errors, 0 left on base; Clearwater 2 - Rancho Cucamonga 0 |
| TOP OF THE 6TH |
|
Clearwater Threshers batting - Pitching for Rancho Cucamonga Quakes : RHP Malcolm Johnson
|
|
Pitching: RHP Yasuoka Takahashi
|
|
|
Batting: LHB Alexis Burgos
|
0-0: Swinging Strike 0-1: Ball 1-1: Called Strike 1-2: Ball 2-2: Ball 3-2: Base on Balls
|
|
Batting: LHB Ignacio Bernal
|
0-0: Ball 1-0: Called Strike 1-1: Fielders Choice at 2nd, 6-4 (Groundball, 6, EV 101.9 MPH)
|
|
Batting: LHB Hugo Castillo
|
0-0: Ball Ignacio Bernal is caught stealing 2nd base 2-6 1-0: DOUBLE (Flyball, 89D, EV 90.6 MPH)
|
|
Batting: LHB Jose Torres
|
0-0: Called Strike 0-1: Swinging Strike 0-2: Ball 1-2: Foul Ball, location: 2F 1-2: Ball 2-2: Foul Ball, location: 2F 2-2: Foul Ball, location: 2F 2-2: Foul Ball, location: 2F 2-2: Fly out, F9 (Flyball, 9S, EV 83.8 MPH)
|
| Top of the 6th over - 0 runs, 1 hit, 0 errors, 1 left on base; Clearwater 2 - Rancho Cucamonga 0 |
| BOTTOM OF THE 6TH |
|
Rancho Cucamonga Quakes batting - Pitching for Clearwater Threshers : LHP Hugo Castillo
|
|
Batting: RHB Yasuoka Takahashi
|
0-0: Ball 1-0: Foul Ball, location: 2F 1-1: Ball 2-1: Foul Ball, location: 2F 2-2: Strikes out looking
|
|
Batting: RHB Omar Resendez
|
0-0: Called Strike 0-1: Swinging Strike 0-2: Ball 1-2: Fly out, F7 (Flyball, 7LM, EV 101.9 MPH)
|
|
Batting: RHB Mario Mejia
|
0-0: Called Strike 0-1: Called Strike 0-2: Strikes out swinging
|
| Bottom of the 6th over - 0 runs, 0 hits, 0 errors, 0 left on base; Clearwater 2 - Rancho Cucamonga 0 |
| TOP OF THE 7TH |
|
Clearwater Threshers batting - Pitching for Rancho Cucamonga Quakes : RHP Yasuoka Takahashi
|
|
Pitching: LHP Cesar Vargas
|
|
|
Batting: RHB Juan Aleman
|
0-0: Ball 1-0: Foul Ball, location: 2F 1-1: Ball 2-1: Ball 3-1: Called Strike 3-2: SINGLE (Groundball, 4MD, EV 103.8 MPH)
|
|
Batting: SHB Joe Lightell
|
0-0: Foul Ball, location: 2F 0-1: Called Strike 0-2: Ground out 6-3 (Groundball, P, EV 79.4 MPH) Juan Aleman to second
|
|
Batting: SHB Isaiah Dixon
|
0-0: Ball 1-0: Foul Ball, location: 2F 1-1: Foul Ball, location: 2F 1-2: Ball 2-2: TRIPLE (Line Drive, 9LD, EV 112.5 MPH) Juan Aleman scores
|
|
Batting: RHB Bobby Rolison
|
0-0: Ball 1-0: Ball 2-0: Foul Ball, location: 2F 2-1: Called Strike 2-2: DOUBLE (Line Drive, 8RXD, EV 108.1 MPH) Isaiah Dixon scores
|
|
Pitching: RHP Ben Redwine
|
|
|
Batting: LHB Fernando Hernandez
|
0-0: Called Strike 0-1: Called Strike 0-2: SINGLE (Groundball, 6MD, EV 102.5 MPH) Bobby Rolison to third Runner from 3rd tries for Home, throw by CF and OUT! 8-2 Fernando Hernandez to second
|
|
Batting: LHB Alexis Burgos
|
0-0: Swinging Strike 0-1: Fly out, F9 (Flyball, 9LM, EV 103.1 MPH)
|
| Top of the 7th over - 2 runs, 4 hits, 0 errors, 1 left on base; Clearwater 4 - Rancho Cucamonga 0 |
| BOTTOM OF THE 7TH |
|
Rancho Cucamonga Quakes batting - Pitching for Clearwater Threshers : LHP Hugo Castillo
|
|
Batting: RHB Christopher Gallino
|
0-0: Called Strike 0-1: Ball 1-1: Ball 2-1: Ball 3-1: Foul Ball, location: 2F 3-2: Ground out 6-3 (Groundball, 6, EV 105.6 MPH)
|
|
Batting: RHB Marty Roldan
|
0-0: Foul Ball, location: 2F 0-1: Ball 1-1: Ball 2-1: Fly out, F9 (Flyball, 89S, EV 85.0 MPH)
|
|
Batting: LHB Tim Dakin
|
0-0: Ball 1-0: Foul Ball, location: 2F 1-1: Ball 2-1: Foul Ball, location: 2F 2-2: Strikes out swinging
|
| Bottom of the 7th over - 0 runs, 0 hits, 0 errors, 0 left on base; Clearwater 4 - Rancho Cucamonga 0 |
| TOP OF THE 8TH |
|
Clearwater Threshers batting - Pitching for Rancho Cucamonga Quakes : RHP Ben Redwine
|
|
Batting: LHB Ignacio Bernal
|
0-0: Ground out 1-3 (Groundball, 15S, EV 76.3 MPH)
|
|
Batting: LHB Hugo Castillo
|
0-0: Ball 1-0: Swinging Strike 1-1: Ball 2-1: Foul Ball, location: 2F 2-2: SINGLE (Line Drive, 6M, EV 98.1 MPH)
|
|
Batting: LHB Jose Torres
|
0-0: Ball 1-0: Ball 2-0: Ball 3-0: Base on Balls Hugo Castillo to second
|
|
Batting: RHB Juan Aleman
|
0-0: Called Strike 0-1: 3-RUN HOME RUN (Flyball, 7D, EV 106.3 MPH), Distance : 378 ft
|
|
Batting: SHB Joe Lightell
|
0-0: Foul Ball, location: 2F 0-1: Foul Ball, location: 2F 0-2: Foul Ball, location: 2F 0-2: Foul Ball, location: 2F 0-2: Ball 1-2: Foul Ball, location: 2F 1-2: Ball 2-2: SINGLE (Line Drive, 8RS, EV 106.9 MPH)
|
|
Pitching: RHP Jalen Merriweather
|
|
|
Pinch Hitting: LHB Allan Lueckenhoff
|
0-0: Ball 1-0: Foul Ball, location: 2F 1-1: Called Strike 1-2: Ball 2-2: SINGLE (Groundball, 4MD, EV 100.6 MPH) Joe Lightell to second
|
|
Batting: RHB Bobby Rolison
|
0-0: Ball 1-0: Foul Ball, location: 2F 1-1: Swinging Strike 1-2: Strikes out looking
|
|
Batting: LHB Fernando Hernandez
|
0-0: Called Strike 0-1: Called Strike 0-2: Ball 1-2: Hit by Pitch Joe Lightell to third Allan Lueckenhoff to second
|
|
Batting: LHB Alexis Burgos
|
0-0: Called Strike 0-1: Ball 1-1: Ball 2-1: Swinging Strike 2-2: Ground out U3 (Groundball, 3L, EV 85.6 MPH)
|
| Top of the 8th over - 3 runs, 4 hits, 0 errors, 3 left on base; Clearwater 7 - Rancho Cucamonga 0 |
| BOTTOM OF THE 8TH |
|
Rancho Cucamonga Quakes batting - Pitching for Clearwater Threshers : LHP Hugo Castillo
|
|
Pitching: LHP Jonathan Herman
|
|
|
Now in LF: Allan Lueckenhoff
|
|
|
Batting: LHB William Cano
|
0-0: Ball 1-0: Swinging Strike 1-1: Ball 2-1: Swinging Strike 2-2: Ball 3-2: Strikes out looking
|
|
Batting: RHB Ian Enge
|
0-0: Ball 1-0: Ball 2-0: Foul Ball, location: 2F 2-1: Ground out 6-3 (Groundball, 6, EV 85.0 MPH)
|
|
Batting: LHB Cesar Gutierrez
|
0-0: Called Strike 0-1: Ball 1-1: Swinging Strike 1-2: Ball 2-2: Strikes out swinging
|
| Bottom of the 8th over - 0 runs, 0 hits, 0 errors, 0 left on base; Clearwater 7 - Rancho Cucamonga 0 |
| TOP OF THE 9TH |
|
Clearwater Threshers batting - Pitching for Rancho Cucamonga Quakes : RHP Jalen Merriweather
|
|
Batting: LHB Ignacio Bernal
|
0-0: Ground out U3 (Groundball, 3, EV 101.9 MPH)
|
|
Batting: LHB Jonathan Herman
|
0-0: Ball 1-0: Fly out, F5 (Popup, 25F, EV 75.0 MPH)
|
|
Batting: LHB Jose Torres
|
0-0: Foul Ball, location: 2F 0-1: Ball 1-1: Ball 2-1: Foul Ball, location: 2F 2-2: Ball 3-2: SOLO HOME RUN (Flyball, 9D, EV 100.0 MPH), Distance : 380 ft
|
|
Batting: RHB Juan Aleman
|
0-0: Ball 1-0: SINGLE (Groundball, 15, EV 82.5 MPH) (infield hit)
|
|
Batting: SHB Joe Lightell
|
0-0: Ball 1-0: Foul Ball, location: 2F 1-1: Foul Ball, location: 2F 1-2: Ball 2-2: Foul Ball, location: 2F 2-2: Ball 3-2: Foul Ball, location: 2F 3-2: Base on Balls Juan Aleman to second
|
|
Batting: LHB Allan Lueckenhoff
|
0-0: Ball 1-0: Ball 2-0: Called Strike 2-1: Ground out 4-3 (Groundball, 4, EV 81.9 MPH)
|
| Top of the 9th over - 1 run, 2 hits, 0 errors, 2 left on base; Clearwater 8 - Rancho Cucamonga 0 |
| BOTTOM OF THE 9TH |
|
Rancho Cucamonga Quakes batting - Pitching for Clearwater Threshers : LHP Jonathan Herman
|
|
Batting: RHB Jalen Merriweather
|
0-0: Foul Ball, location: 2F 0-1: Called Strike 0-2: Hit by Pitch
|
|
Pitching: LHP D.J. Hallmark
|
|
|
Batting: RHB Omar Resendez
|
0-0: Ball 1-0: SINGLE (Line Drive, 9S, EV 98.8 MPH) Jalen Merriweather to second
|
|
Batting: RHB Mario Mejia
|
0-0: Ball 1-0: Foul Ball, location: 2F 1-1: Hit by Pitch Jalen Merriweather to third Omar Resendez to second
|
|
Batting: RHB Christopher Gallino
|
0-0: Fielders Choice at 2nd, 6-4 (Groundball, 6, EV 78.8 MPH) Jalen Merriweather scores Omar Resendez to third
|
|
Batting: RHB Marty Roldan
|
0-0: Called Strike 0-1: Foul Ball, location: 2F 0-2: Ball 1-2: Foul Ball, location: 2F 1-2: Ball 2-2: Foul Ball, location: 2F 2-2: Fly out, F9 (Flyball, 9S, EV 88.8 MPH)
|
|
Batting: LHB Tim Dakin
|
0-0: Ball 1-0: Ball 2-0: Ball 3-0: Called Strike 3-1: Fly out, F3 (Line Drive, 3, EV 68.1 MPH)
|
| Bottom of the 9th over - 1 run, 1 hit, 0 errors, 2 left on base; Clearwater 8 - Rancho Cucamonga 1 |
|